 Dungeon Crawl Stone Soup version 0.26-a0-651-gb41185065b (webtiles) character file.

Game seed: 4528289852442001361

4336 toffzen the Covert (level 10, -7/63 HPs)
             Began as a Vampire Brigand on Oct 7, 2020.
             Was a Priest of Kikubaaqudgha.
             Mangled by Prince Ribbit (17 damage)
             ... on level 8 of the Dungeon.
             The game lasted 00:38:27 (12569 turns).

toffzen the Covert (Vampire Brigand)               Turns: 12569, Time: 00:38:28

Health: -7/63      AC:  6    Str: 10    XL:     10   Next: 12%
Magic:  10/13      EV: 14    Int: 18    God:    Kikubaaqudgha [***...]
Gold:   387        SH:  0    Dex: 15    Spells: 10/13 levels left

rFire    . . .     SeeInvis +   b - +1 dagger (venom)
rCold    + + .     Faith    .   (no shield)
rNeg     + + +     Spirit   .   E - +0 robe
rPois    ∞         Reflect  .   H - +0 helmet
rElec    .         Harm     .   c - +1 cloak
rCorr    .         Rampage  .   t - +0 pair of gloves
MR       +....                  (no boots)
Stlth    ++++++++..             (no amulet)
HPRegen  0.00/turn              r - ring of stealth
MPRegen  0.13/turn              (no ring)

@: bloodless
A: fangs 3, see invisible, unbreathing
a: Bat Form, Revivify, Receive Corpses, Renounce Religion


You were on level 8 of the Dungeon.
You worshipped Kikubaaqudgha.
Kikubaaqudgha was most pleased with you.
You visited 2 branches of the dungeon, and saw 10 of its levels.

You collected 462 gold pieces.
You spent 75 gold pieces at shops.

Inventory:

Hand Weapons
 a - a +2 dagger of draining
 b - a +1 dagger of venom (weapon)
 m - a +0 hand axe of flaming
 F - a +2 short sword of electrocution
 G - a +1 dagger of protection
Missiles
 d - 14 poisoned darts (quivered)
 e - 8 curare-tipped darts
 g - 247 stones
 j - 3 atropa-tipped darts
 s - 68 sling bullets
 I - 2 throwing nets
Armour
 c - a +1 cloak (worn)
 t - a +0 pair of gloves (worn)
 E - a +0 robe (worn)
 H - a +0 helmet (worn)
Jewellery
 n - an uncursed amulet of faith
 r - a ring of stealth (left hand)
Wands
 A - a wand of random effects (30)
 C - a wand of digging (1)
Scrolls
 h - a scroll of enchant weapon
 k - a scroll of magic mapping
 p - 4 scrolls of remove curse
 q - 6 scrolls of teleportation
 u - 2 scrolls of enchant armour
 w - a scroll of identify
 x - 2 scrolls of fog
 y - a scroll of immolation
Potions
 f - 3 potions of lignification
 i - a potion of degeneration {unknown}
 l - 4 potions of curing
 o - a potion of stabbing {unknown}
 v - 2 potions of flight
 z - 2 potions of heal wounds
 B - a potion of haste {unknown}
 D - 2 potions of ambrosia
 J - a potion of mutation {unknown}


   Skills:
 + Level 7.5 Fighting
 - Level 2.1 Short Blades
 - Level 1.5 Throwing
 + Level 4.2 Dodging
 + Level 13.4 Stealth
 - Level 2.0 Spellcasting
 - Level 11.0 Hexes
 + Level 1.5 Necromancy


You had 10 spell levels left.
You knew the following spells:

 Your Spells              Type           Power        Failure   Level
a - Confusing Touch       Hex            #####...     1%          3

Your spell library contained the following spells:

 Spells                   Type           Power        Failure   Level
 Pain                     Necr           #...         10%         1
 Sublimation of Blood     Necr           #.........   14%         2
 Magic Dart               Conj           #...         19%         1
 Corpse Rot               Necr/Air       N/A          21%         2
 Vampiric Draining        Necr           #.........   28%         3
 Metabolic Englaciation   Hex/Ice        ###.......   45%         5
 Yara's Violent Unravell  Hex/Tmut       ###.......   45%         5
 Gell's Gravitas          Tloc           #.........   47%         3
 Animate Dead             Necr           #.........   67%         4
 Dispel Undead            Necr           #.......     67%         4
 Petrify                  Tmut/Erth      #.......     87%         4
 Agony                    Necr           #.......     95%         5
 Borgnjor's Vile Clutch   Necr/Erth      #.........   98%         5
 Simulacrum               Ice/Necr       #.........   100%        6


Dungeon Overview and Level Annotations

Branches:
Dungeon (9/15)             Temple (1/1) D:5            Lair (0/6) D:9
    Orc: D:9-12

Altars:
Ashenzari
Cheibriados
Dithmenos
Elyvilon
Fedhas
Gozag
Kikubaaqudgha
Makhleb
Nemelex Xobeh
Okawaru
Qazlal
Ru
Sif Muna
Trog
Uskayaw
Vehumet
Wu Jian
Xom
Yredelemnul
Zin
The Shining One

Shops:
D:7 }   D:9 !

Annotations:
D:8 Prince Ribbit
D:9 Pikel


Innate Abilities, Weirdness & Mutations

You do not regenerate when monsters are visible.
You are frail without blood (-20% HP).
You can heal yourself when you bite living creatures.
You are immune to poison.
You have razor-sharp teeth.
You have supernaturally acute eyesight. (SInv)
You can survive without breathing.


Message History

Prince Ribbit looks even sicker.
Prince Ribbit is moderately wounded.
Throwing (i - inventory. (/) - cycle)
d - 16 poisoned darts (quivered)
Press: ? - help, Shift-Dir - straight line, f/p - Prince Ribbit
Aim: Prince Ribbit (moderately wounded, confused, very poisoned)
You throw a poisoned dart. The poisoned dart hits Prince Ribbit.
Prince Ribbit is moderately wounded.
Throwing (i - inventory. (/) - cycle)
d - 15 poisoned darts (quivered)
Press: ? - help, Shift-Dir - straight line, f/p - Prince Ribbit
Aim: Prince Ribbit (moderately wounded, confused, very poisoned)
You throw a poisoned dart. The poisoned dart hits Prince Ribbit.
Prince Ribbit looks even sicker.
Prince Ribbit is moderately wounded.
You hit Prince Ribbit.
Prince Ribbit looks as sick as possible!
Prince Ribbit is heavily wounded.
Prince Ribbit closely misses you. Prince Ribbit hits you!
You die...
Kikubaaqudgha rasps: "You have failed me!
Welcome... oblivion!"

# ##..# #....
#...####.... #
##.#......... #
#..###....### #
#.## ##...## #
###.# ##...# ##
##...## ##..## .#
###..#..## ##..#
.# ##@..##...#
#... .##
###F.#####..##
##.. ..#####
###>.###
##..#######.
......## ##(((##
##.....###.
.......###..###
##........#)
........[..##
##...........
..[....#..##
#..........(.
.......##.#######
#............
.......##.##....##
##...........


You could see Prince Ribbit (confused, extremely poisoned).

Vanquished Creatures
  Harold (D:7)
  Psyche (D:9)
  A steam dragon (D:9)
  A warg (D:8)
  An ice beast (D:5)
  A sky beast (D:8)
  2 ogres
  A necrophage (D:6)
  2 phantoms
  A black bear (D:8)
  5 centaurs
  A lemure (D:9)
  2 big kobolds (D:7)
  5 bullfrogs
  3 scorpions
  A wight (D:6)
  4 howler monkeys
  2 quasits
  4 hounds
  A bullfrog zombie (D:7)
  A bullfrog skeleton (D:9)
  An orc priest (D:5)
  11 orc wizards
  5 iguanas
  7 worker ants
  A hound zombie (D:9)
  2 hound skeletons
  A howler monkey zombie (D:8)
  9 gnolls
  5 adders
  3 white imps
  3 ufetubi
  An adder zombie (D:8)
  An adder skeleton (D:8)
  A worm (D:2)
  A dart slug (D:1)
  8 leopard geckos
  24 orcs
  2 ball pythons
  A giant cockroach (D:6)
  8 hobgoblins
  11 jackals
  8 quokkas
  7 bats
  2 frilled lizards
  4 goblins
  2 jackal zombies
  11 kobolds
  2 quokka skeletons
  A quokka zombie (D:6)
  7 rats
191 creatures vanquished.

Vanquished Creatures (others)
  A phantom (D:7)
  A quokka skeleton (D:7)
  2 plants (D:1)
4 creatures vanquished.

Grand Total: 195 creatures vanquished

Notes
Turn   | Place    | Note
-------+----------+-------------------------------------------
     0 | D:1      | toffzen the Vampire Brigand began the quest for the Orb.
     0 | D:1      | Reached XP level 1. HP: 16/16 MP: 1/1
    42 | D:1      | Reached skill level 6 in Stealth
   147 | D:1      | Reached XP level 2. HP: 21/22 MP: 2/2
   620 | D:1      | Reached skill level 7 in Stealth
   856 | D:2      | Reached XP level 3. HP: 21/21 MP: 3/3
  1109 | D:2      | Noticed a +0 dagger
  1109 | D:2      | Noticed a +0 hand axe
  1112 | D:2      | Found a hide-covered altar of Uskayaw.
  1136 | D:2      | Found an opulent altar of Gozag.
  1297 | D:2      | Found a radiant altar of Vehumet.
  1299 | D:2      | Found an ancient bone altar of Kikubaaqudgha.
  1300 | D:2      | Found a shimmering blue altar of Sif Muna.
  1306 | D:2      | Became a worshipper of Kikubaaqudgha
  1315 | D:2      | Identified Vehumet's Tome of Conjuration
  1342 | D:2      | Found a blossoming altar of Fedhas.
  1403 | D:2      | You fall into a shaft and drop 1 floor!
  1522 | D:2      | Found a shadowy altar of Dithmenos.
  1782 | D:3      | Reached XP level 4. HP: 27/27 MP: 4/4
  1787 | D:3      | Learned a level 3 spell: Confusing Touch
  1839 | D:2      | Reached skill level 1 in Spellcasting
  2044 | D:3      | Reached skill level 1 in Hexes
  2822 | D:4      | Noticed an ogre
  3110 | D:4      | Reached XP level 5. HP: 31/31 MP: 7/7
  3127 | D:4      | Noticed a phantom
  3934 | D:5      | Entered Level 5 of the Dungeon
  4022 | D:5      | Noticed an ogre
  4024 | D:5      | Reached skill level 5 in Hexes
  4043 | D:5      | Found a staircase to the Ecumenical Temple.
  4239 | Temple   | Entered the Ecumenical Temple
  4810 | D:5      | Noticed an ice beast
  4812 | D:5      | Killed an ice beast
  4812 | D:5      | Reached XP level 6. HP: 36/36 MP: 7/9
  5010 | D:5      | Reached * piety under Kikubaaqudgha
  5010 | D:5      | Identified Kikubaaqudgha's Reference Book on Necromancy
                  | (Kikubaaqudgha gifted it to you on level 5 of the Dungeon)
  5010 | D:5      | Received a gift from Kikubaaqudgha
  5289 | D:5      | Reached skill level 8 in Stealth
  5531 | D:5      | Reached XP level 7. HP: 41/41 MP: 6/10
  6080 | D:6      | Reached skill level 9 in Stealth
  6824 | D:6      | Reached XP level 8. HP: 48/48 MP: 11/11
  7172 | D:6      | Reached skill level 10 in Stealth
  7755 | D:6      | Reached ** piety under Kikubaaqudgha
  8176 | D:7      | Found a sparkling altar of Nemelex Xobeh.
  8351 | D:7      | Reached skill level 5 in Fighting
  8558 | D:7      | Found a snail-covered altar of Cheibriados.
  8584 | D:7      | Found Casagehu's Gadget Emporium.
  8710 | D:7      | Noticed Harold
  8729 | D:7      | Killed Harold
  8729 | D:7      | Reached skill level 11 in Stealth
  8729 | D:7      | Reached skill level 10 in Hexes
  8729 | D:7      | Reached XP level 9. HP: 55/55 MP: 9/12
  8756 | D:7      | Found a burning altar of Makhleb.
  9102 | D:7      | Reached skill level 12 in Stealth
  9898 | D:8      | Noticed a two-headed ogre
 10627 | D:8      | Found a stormy altar of Qazlal.
 11244 | D:9      | Found a staircase to the Lair.
 11856 | D:9      | Found Aveesac's Distillery.
 11862 | D:9      | Noticed Psyche
 11881 | D:9      | Bought a potion of heal wounds for 75 gold pieces
 11932 | D:9      | Reached skill level 13 in Stealth
 11964 | D:9      | Killed Psyche
 11964 | D:9      | Reached *** piety under Kikubaaqudgha
 11964 | D:9      | Identified Kikubaaqudgha's Almanac of Evil Magic
                  | (Kikubaaqudgha gifted it to you on level 9 of the Dungeon)
 11964 | D:9      | Received a gift from Kikubaaqudgha
 11999 | D:9      | Reached XP level 10. HP: 60/63 MP: 5/13
 12114 | D:9      | Noticed Pikel
 12146 | D:8      | Reached skill level 1 in Necromancy
 12490 | D:9      | Noticed Prince Ribbit
 12569 | D:8      | Mangled by Prince Ribbit

Illustrated notes

Levels and vault maps discovered:
D:1:      onia_arrival_mini_maze_b, layout_basic, serial_forest,
          infiniplex_forest_clump_diagonal, infiniplex_forest_lined_room_,
          infiniplex_forest_lined_3_way, infiniplex_forest_clump_small,
          infiniplex_forest_zigzag_1, infiniplex_forest_clump_double,
          infiniplex_forest_3_way
D:2:      minmay_spotlight, layout_basic, grunt_temple_overflow_magic_moments,
          marbit_many_paths, old_standard_altar, dancing_weapons_uskayaw,
          nicolae_dithmenos_through_a_glass_darkly, lemuel_another_geyser
D:3:      layout_rooms
D:4:      layout_basic
D:5:      layout_loops_ring, minmay_temple_entry_drinking_statues,
          solitary_fountain
D:6:      layout_gridville
D:7:      layout_basic, nemelex_xobeh_ov_fountains_minmay,
          grunt_temple_overflow_open, serial_shops, nicolae_shop_crystal,
          lemuel_flame_loot_1, uniq_harold
D:8:      layout_cave_pods, nicolae_overflow_crystal_walls
D:9:      layout_cave_pools, old_standard_altar, erik_lair_orcish_takeover,
          serial_shops, shop, uniq_prince_ribbit1, uniq_psyche, uniq_pikel
Temple:   cyrus_temple_forest

Skill      XL: |  1  2  3  4  5  6  7  8  9 10 |
---------------+-------------------------------+-----
Stealth        | 6 7 8 9 11 13 | 13.4
Fighting       | 2 3 4 6 7 |  7.5
Spellcasting   | 1 2 |  2.0
Hexes          | 3 6 7 8 10 11 | 11.0
Dodging        | 3 4 |  4.2
Necromancy     | 1 |  1.5
Short Blades   | |  2.1
Throwing       | |  1.5

Action                   |  1- 3 |  4- 6 |  7- 9 | 10-12 || total
-------------------------+-------+-------+-------+-------++-------
Melee: Dagger            |    81 |   134 |   414 |    58 ||   687
       Bite              |     6 |    12 |    53 |     9 ||    80
Throw: Dart              |     9 |    22 |    19 |     6 ||    56
 Cast: Confusing Touch   |       |     9 |    51 |    12 ||    72
 Abil: Exsanguinate      |     1 |       |       |       ||     1
  Use: Scroll            |     3 |     5 |    11 |       ||    19
       Potion            |       |       |     1 |     1 ||     2
 Stab: Sleeping          |    23 |    14 |    24 |       ||    61
       Confused          |       |     3 |    35 |     7 ||    45
       Distracted        |       |       |     1 |       ||     1
Armor: Robe              |     8 |    37 |   102 |    17 ||   164
Dodge: Dodged            |    36 |    64 |   216 |    48 ||   364

Table legend: (Time is in decaauts)
 A = Elapsed time spent in this place.
 B = Non-inter-level travel time spent in this place.
 C = Inter-level travel time spent in this place.
 D = Time resting spent in this place.
 E = Time spent auto-exploring this place.
 F = Levels seen in this place.
 G = Mean time per level.
                   A        B        C        D        E       F      G
               +--------+--------+--------+--------+--------+-----+--------+
         Total |  12513 |  11622 |    891 |   4284 |   1816 |  10 | 1251.3 |
       Dungeon |  12140 |  11249 |    891 |   4023 |   1774 |   9 | 1348.9 |
        Temple |    372 |    372 |      0 |    261 |     42 |   1 |  372.0 |
               +--------+--------+--------+--------+--------+-----+--------+

Top non-repeatable levels by time:
     D:8: 2478 daAuts
     D:5: 2397 daAuts
     D:6: 1641 daAuts
     D:4: 1443 daAuts
     D:7: 1260 daAuts
     D:2: 1157 daAuts
     D:1: 793 daAuts
     D:3: 529 daAuts
     D:9: 440 daAuts
  Temple: 372 daAuts
